 Dungeon Crawl Stone Soup version 0.30-a0-305-g026cb31310 (webtiles) character file.

Game seed: 4306931214711115873

62 ytrimaz the Ruffian (level 3, -2/35 HPs)
             Began as a Troll Transmuter on Oct 21, 2022.
             Engulfed by a cloud of flame (17 damage)
             ... on level 2 of the Dungeon.
             The game lasted 00:01:11 (873 turns).

ytrimaz the Ruffian (Troll Transmuter)               Turns: 873, Time: 00:01:12

Health: -2/35      AC:  5    Str: 18    XL:     3   Next: 85%
Magic:  3/3        EV:  9    Int: 11    God:
Gold:   58         SH:  0    Dex: 10    Spells: 1/4 levels left

rFire   . . .      SeeInvis .      - Unarmed
rCold   . . .      Faith    .    (no shield)
rNeg    . . .      Spirit   .    a - +1 robe
rPois   .          Reflect  .    (helmet restricted)
rElec   .          Harm     .    (no cloak)
rCorr   .          Rampage  .    (gloves unavailable)
Will    .....                    (boots unavailable)
Stlth   +.........               (no amulet)
HPRegen 1.05/turn                (no ring)
MPRegen 0.08/turn                (no ring)

@: no status effects
A: large, unfitting armour, claws 3, regeneration 1, shaggy fur 1, tough skin 1
a: no special abilities


You were on level 2 of the Dungeon.
You visited 1 branch of the dungeon, and saw 2 of its levels.

You collected 58 gold pieces.


Innate Abilities, Weirdness & Mutations

You are too large for most types of armour.
You have claws for hands.
Your natural rate of healing is unusually fast.
You are covered in fur. (AC +1)
You have tough skin. (AC +1)


   Skills:
 + Level 2.2 Fighting
 - Level 1.5 Dodging
 + Level 4.0 Unarmed Combat
 - Level 1.2 Spellcasting
 - Level 1.3 Transmutations


You had one spell level left.
You knew the following spells:

 Your Spells              Type           Power      Damage    Failure   Level
a - Beastly Appendage     Tmut           6%         N/A       19%         1
b - Wereblood             Tmut           3%         N/A       26%         2

Your spell library contained the following spells:

 Spells                   Type           Power      Damage    Failure   Level
 Spider Form              Tmut/Pois      2%         N/A       56%         3
 Ice Form                 Ice/Tmut       2%         N/A       93%         4

Inventory:

Armour
 a - a +1 robe (worn)
Scrolls
 c - a scroll of teleportation
Potions
 b - 2 potions of lignification
 d - a potion of curing
 f - a potion of haste {unknown}

Dungeon Overview and Level Annotations

Branches:
Dungeon (2/15) Zot: 11131

Altars:

#....#####+#โ€ #.#....
..............#......
.........[........<...
..............####....
........##.## #.###
.######.##.# #.. .
##......# .(
#.###....####
#.ยงยง@....#
#####.#..# #....#
###.## #.# ..# ##


There were no monsters in sight!


Message History

You claw the adder!
A rat comes into view.
The adder barely misses you. ๐Ÿ˜• HP[+1] Unknown command.
You scratch the adder.
You kill the adder!
Your Fighting skill increases to level 2! ๐Ÿ˜Ž HP[+1]
Your hp is fully restored (35).
Unknown command.
You closely miss the goblin. The goblin hits you but does no damage.
You claw the goblin!
You kill the goblin!
Unknown command.
You barely miss the rat. The rat closely misses you.
Unknown command.
You closely miss the rat. The rat misses you.
You claw the rat!
You kill the rat!
No target in view!
A frilled lizard comes into view.
The frilled lizard hisses angrily.
Unknown command.
A frilled lizard is nearby!
A frilled lizard is nearby!
A frilled lizard is nearby!
You see here 7 gold pieces.
The frilled lizard bites you. ๐Ÿ˜• HP[-1]
You take 1 damage, and now have 34/35 hp.
You closely miss the frilled lizard.
The frilled lizard bites you but does no damage. ๐Ÿ˜Ž HP[+1]
Your hp is fully restored (35).
You barely miss the frilled lizard.
The frilled lizard bites you but does no damage.
You claw the frilled lizard!
You kill the frilled lizard!
Unknown command.
No target in view!
No target in view!
You now have 49 gold pieces (gained 7).
You now have 58 gold pieces (gained 9).
You see here a +0 dagger.
Found a stone staircase leading up.
Unknown command.
e - a scroll labelled DONTIH CAXTUAW An adder and a worm come into view.
The adder moves out of view.
A worm is nearby!
You closely miss the adder. Your claw misses the adder.
The adder bites you. ๐Ÿ˜• HP[-1]
You take 1 damage, and now have 34/35 hp.
You barely miss the adder. The adder closely misses you. The adder bites you.
You are poisoned.
The adder poisons you!
You miss the adder.
You feel sick.
The adder bites you but does no damage. ๐Ÿ˜• HP[-1]
You take 1 damage, and now have 33/35 hp.
You miss the adder.
You feel sick. The adder bites you but does no damage.
You barely miss the adder.
You feel sick.
The adder closely misses you. ๐Ÿ˜• HP[-1]
You take 1 damage, and now have 32/35 hp.
You claw the adder!
You kill the adder!
You feel sick.
Your Unarmed Combat skill increases to level 4!
Unknown command.
You claw the worm!
You feel sick.
You claw the worm!
You kill the worm!
You feel sick.
You feel sick.
You are no longer poisoned.
You see here a worm corpse.
Unknown command.
No target in view!
No target in view!
Key pressed, stopping explore.
Unknown command. ๐Ÿ˜Ž HP[+3]
Your hp is fully restored (35).
A frilled lizard comes into view.
A frilled lizard is nearby!
As you read the scroll labelled DONTIH CAXTUAW, it crumbles to dust.
The creatures around you are filled with an inner flame!
It was a scroll of immolation.
Unknown command.
The frilled lizard hisses angrily.
You barely miss the frilled lizard.
The frilled lizard bites you. ๐Ÿ˜• HP[-1]
You take 1 damage, and now have 34/35 hp.
You claw the frilled lizard!
The frilled lizard explodes!
The fiery explosion engulfs you!!
Ouch! That really hurt!
* * * LOW HITPOINT WARNING * * *
You are engulfed in blazing flames.
You die...

Skill      XL: |  1  2  3 |
---------------+----------+-----
Fighting       | 1 2 |  2.2
Unarmed Combat | 4 |  4.0
Dodging        | |  1.5
Spellcasting   | |  1.2
Transmutations | |  1.3

Action                   || total
-------------------------++-------
Melee: Unarmed           ||    81
  Use: Scroll            ||     5
Armor: Robe              ||    29
Dodge: Dodged            ||    35

Levels and vault maps discovered:
D:1:      ncdulo_watergridlock, layout_loops_ring,
          chequers_serial_rivers_micro_b
D:2:      layout_basic

Notes
Turn   | Place    | Note
-------+----------+-------------------------------------------
     0 | D:1      | ytrimaz the Troll Transmuter began the quest for the Orb.
     0 | D:1      | Reached XP level 1. HP: 18/18 MP: 1/1
     0 | D:1      | magus.rc [v1.9.6]
    29 | D:1      | Reached skill level 1 in Fighting
   138 | D:1      | Reached XP level 2. HP: 25/27 MP: 2/2
   732 | D:2      | Reached XP level 3. HP: 32/35 MP: 3/3
   735 | D:2      | Learned a level 2 spell: Wereblood
   796 | D:2      | Reached skill level 2 in Fighting
   854 | D:2      | Reached skill level 4 in Unarmed Combat
   873 | D:2      | Engulfed by a cloud of flame

Vanquished Creatures
  3 adders (D:2)
  A worm (D:2)
  A dart slug (D:1)
  2 ball pythons (D:1)
  2 giant cockroaches (D:1)
  5 goblins
  4 hobgoblins
  A quokka (D:1)
  A bat (D:1)
  5 frilled lizards
  4 kobolds
  A rat (D:2)
30 creatures vanquished.

Table legend:
 A = Non-vault XP
 B = Vault XP
 C = Vault XP percentage of total XP
 D = Non-vault monster count
 E = Vault monster count
 F = Vault count percentage of total count
                 A         B        C        D         E       F
            +---------+---------+-------+---------+---------+-------
      Total |      90 |       0 |   0.0 |      30 |       0 |   0.0
            +---------+---------+-------+---------+---------+-------
        D:1 |      36 |       0 |   0.0 |      19 |       0 |   0.0
        D:2 |      54 |       0 |   0.0 |      11 |       0 |   0.0
            +---------+---------+-------+---------+---------+-------

Illustrated notes

Table legend:
 A = Kills in this place as a percentage of kills in entire the game.
 B = Kills by you in this place as a percentage of kills by you in the entire game.
 C = Kills by friends in this place as a percentage of kills by friends in the entire game.
 D = Other kills in this place as a percentage of other kills in the entire game.
 E = Experience gained in this place as a percentage of experience gained in the entire game.
 F = Experience gained in this place divided by the number of levels of this place that you have seen.
                   A       B       C       D       E      F
               +-------+-------+-------+-------+-------+----------------------
         Total | 100.0 | 100.0 |   N/A |   N/A | 100.0 |  45.0
       Dungeon | 100.0 | 100.0 |   N/A |   N/A | 100.0 |  45.0
               +-------+-------+-------+-------+-------+----------------------

Table legend: (Time is in decaauts)
 A = Elapsed time spent in this place.
 B = Non-inter-level travel time spent in this place.
 C = Inter-level travel time spent in this place.
 D = Time resting spent in this place.
 E = Time spent auto-exploring this place.
 F = Levels seen in this place.
 G = Mean time per level.
                   A        B        C        D        E       F      G
               +--------+--------+--------+--------+--------+-----+--------+
         Total |    869 |    839 |     30 |      0 |    627 |   2 |  434.5 |
       Dungeon |    869 |    839 |     30 |      0 |    627 |   2 |  434.5 |
               +--------+--------+--------+--------+--------+-----+--------+

Top non-repeatable levels by time:
     D:1: 715 daAuts
     D:2: 153 daAuts
